 Dungeon Crawl Stone Soup version 0.28-a0-472-g50180c0d78 (webtiles) character file.

Game seed: 18058984234503253998

52 Dabor the Caller (level 3, -3/26 HPs)
             Began as a Hill Orc Summoner on Sept 15, 2021.
             Slain by a gnoll (10 damage)
             ... on level 2 of the Dungeon.
             The game lasted 00:06:33 (1721 turns).

Dabor the Caller (Hill Orc Summoner)                Turns: 1721, Time: 00:06:34

Health: -3/26      AC:  6    Str: 10    XL:     3   Next: 85%
Magic:  1/6        EV: 12    Int: 16    God:
Gold:   64         SH:  0    Dex: 11    Spells: 2/6 levels left

rFire   . . .      SeeInvis .   c - +0 spear
rCold   . . .      Faith    .   (no shield)
rNeg    . . .      Spirit   .   a - +0 robe
rPois   .          Reflect  .   e - +0 helmet
rElec   .          Harm     .   (no cloak)
rCorr   .          Rampage  .   (no gloves)
Will    .....                   d - +2 pair of boots
Stlth   ++........              (no amulet)
HPRegen 0.08/turn               (no ring)
MPRegen 0.10/turn               (no ring)

@: no status effects
A: no striking features
a: no special abilities


You were on level 2 of the Dungeon.
You visited 1 branch of the dungeon, and saw 2 of its levels.

You collected 64 gold pieces.

Inventory:

Hand Weapons
 c - a +0 spear (weapon)
Armour
 a - a +0 robe (worn)
 d - a +2 pair of boots (worn)
 e - a +0 helmet (worn)
Potions
 b - a potion of curing {unknown}


   Skills:
 + Level 2.1 Dodging
 + Level 2.2 Stealth
 + Level 2.0 Spellcasting
 + Level 4.3 Summonings


You had 2 spell levels left.
You knew the following spells:

 Your Spells              Type           Power      Damage    Failure   Level
a - Summon Small Mammal   Summ           60%        N/A       3%          1
b - Call Canine Familiar  Summ           15%        N/A       11%         3

Your spell library contained the following spells:

 Spells                   Type           Power      Damage    Failure   Level
 Call Imp                 Summ           15%        N/A       5%          2
 Summon Guardian Golem    Hex/Summ       8%         N/A       26%         3
 Summon Lightning Spire   Summ/Air       8%         N/A       63%         4


Dungeon Overview and Level Annotations

Branches:
Dungeon (2/15)

Altars:
Sif Muna

Shops:
D:1 [


Message History

The gnoll hits you from afar with a +0 spear.
Your hound bites the gnoll.
The gnoll hits you but does no damage.
Your quokka bites the gnoll.
Your hound barely misses the gnoll.
The gnoll hits you from afar with a +0 spear!
* * * LOW HITPOINT WARNING * * *
Your hound bites the gnoll.
Your hound bites the gnoll.
Your quokka bites the gnoll.
The gnoll dies!
You start resting.
Your quokka disappears in a puff of smoke!
Your hound disappears in a puff of smoke!
Magic restored.
You start resting.
Your rat disappears in a puff of smoke!
HP restored.
A gnoll comes into view. It is wielding a +0 halberd.
A gnoll comes into view. It is wielding a +0 spear.
The gnoll shouts!
A hound comes into view.
You see here a scroll labelled WALAR ATEUG.
The gnoll hits you from afar with a +0 spear!
The gnoll hits you but does no damage.
Your quokka bites the gnoll.
Casting: Summon Small Mammal (safe; 3% risk of failure)
Confirm with . or Enter, or press ? or * to list all spells.
The spell is quite dangerous to cast (11% risk of failure)!
Continue anyway?
Your bat hits the gnoll. x2; The gnoll misses you.
Your quokka barely misses the gnoll.
Your bat hits the gnoll but does no damage.
Your quokka bites the gnoll.
The gnoll hits you from afar with a +0 spear.
Your hound bites the gnoll.
Your bat barely misses the gnoll.
Your quokka bites the gnoll.
Your hound bites the gnoll but does no damage.
The gnoll hits you from afar with a +0 spear.
* * * LOW HITPOINT WARNING * * *
Your quokka barely misses the gnoll.
Your hound barely misses the gnoll.
Your bat barely misses the gnoll.
The gnoll hits you from afar with a +0 halberd!
You die...

g# ...#
#####..<#
##rgh....###
#.b###.....
#..g.....#
#@.h.)...#
#..._)...#
##.......#
##.
#.....#####..
##.######...
#.# ##..#
#.####..##
#####
#........#
#....
####.....#
#....


You could see 2 gnolls, a friendly hound (summoned), a friendly quokka
(summoned) and a friendly bat (summoned).

Vanquished Creatures
  2 endoplasms (D:1)
  A goblin (D:1)
  A hobgoblin (D:1)
  3 ball pythons
  A bat (D:2)
  A frilled lizard (D:2)
  A rat (D:1)
10 creatures vanquished.

Vanquished Creatures (collateral kills)
  2 gnolls (D:2)
  A ball python (D:1)
  3 endoplasms (D:1)
  A giant cockroach (D:1)
  3 goblins
  3 hobgoblins
  A bat (D:1)
  A frilled lizard (D:1)
  3 kobolds
  4 rats
22 creatures vanquished.

Grand Total: 32 creatures vanquished

Notes
Turn   | Place    | Note
-------+----------+-------------------------------------------
     0 | D:1      | Dabor the Hill Orc Summoner began the quest for the Orb.
     0 | D:1      | Reached XP level 1. HP: 14/14 MP: 3/3
   234 | D:1      | Reached XP level 2. HP: 19/20 MP: 4/4
   267 | D:1      | Found Cuhusk's Armour Shoppe.
  1229 | D:1      | Reached XP level 3. HP: 20/26 MP: 2/5
  1445 | D:2      | Learned a level 3 spell: Call Canine Familiar
  1451 | D:2      | Found a shimmering blue altar of Sif Muna.
  1721 | D:2      | Slain by a gnoll

Illustrated notes

Levels and vault maps discovered:
D:1:      minmay_arrival_three_doors, layout_loops_cross, serial_shops,
          nicolae_shop_stone
D:2:      layout_rooms, basic_altar, hellmonk_ecumenical_altar_heavens_door,
          minmay_fountain_box

Skill      XL: |  1  2  3 |
---------------+----------+-----
Stealth        | 2 |  2.2
Dodging        | 2 |  2.1
Spellcasting   | 2 |  2.0
Summonings     | |  4.3

Action                   || total
-------------------------++-------
Melee: Unarmed           ||    40
       Spear             ||    13
 Cast: Summon Small Mamm ||    38
       Call Canine Famil ||     2
  Use: Scroll            ||     2
 Stab: Distracted        ||     1
       Sleeping          ||     1
Armor: Robe              ||     8
Dodge: Dodged            ||    55

Table legend: (Time is in decaauts)
 A = Elapsed time spent in this place.
 B = Non-inter-level travel time spent in this place.
 C = Inter-level travel time spent in this place.
 D = Time resting spent in this place.
 E = Time spent auto-exploring this place.
 F = Levels seen in this place.
 G = Mean time per level.
                   A        B        C        D        E       F      G
               +--------+--------+--------+--------+--------+-----+--------+
         Total |   1721 |   1688 |     33 |    492 |    728 |   2 |  860.5 |
       Dungeon |   1721 |   1688 |     33 |    492 |    728 |   2 |  860.5 |
               +--------+--------+--------+--------+--------+-----+--------+

Top non-repeatable levels by time:
     D:1: 1348 daAuts
     D:2: 373 daAuts
